 Dungeon Crawl Stone Soup version 0.29-a0-876-gfc89b1a5bd (webtiles) character file.

Game seed: 8531722998987644757

5484 greasedhog the Basher (level 10, -22/64 HPs)
             Began as a Gargoyle Monk on July 19, 2022.
             Was a High Priest of Qazlal.
             Annihilated by a two-headed ogre
             ... wielding a +0 giant club
              (30 damage)
             ... on level 9 of the Dungeon.
             The game lasted 00:16:01 (8686 turns).

greasedhog the Basher (Gargoyle Monk)               Turns: 8686, Time: 00:16:02

Health: -22/64     AC: 21    Str: 16    XL:     10   Next: 69%
Magic:  10/10      EV: 13    Int: 12    God:    Qazlal [*****.]
Gold:   419        SH:  6    Dex: 14    Spells: 9/9 levels left

rFire   . . .      SeeInvis .   k - +5 flail
rCold   . . .      Faith    .   (no shield)
rNeg    + . .      Spirit   .   z - +0 chain mail
rPois   ∞          Reflect  .   (no helmet)
rElec   +          Harm     .   j - +0 cloak
rCorr   .          Rampage  .   (no gloves)
Will    .....                   (no boots)
Stlth   ..........              (no amulet)
HPRegen 0.20/turn               c - +4 ring of evasion
MPRegen 0.12/turn               (no ring)

@: protected from physical damage, repel missiles
A: sickness immunity, AC +7, negative energy resistance 1, electricity
resistance, torment resistance 1, petrification resistance
a: Renounce Religion, Upheaval, Elemental Force, Disaster Area


You were on level 9 of the Dungeon.
You worshipped Qazlal.
Qazlal was extremely pleased with you.
You visited 2 branches of the dungeon, and saw 10 of its levels.
You also visited: Ossuary.

You collected 473 gold pieces.
You spent 54 gold pieces at shops.

Inventory:

Hand Weapons
 a - a +0 mace of protection
 i - a +0 whip of electrocution
 k - a +5 flail (weapon)
Armour
 j - a +0 cloak (worn)
 z - a +0 chain mail (worn)
Jewellery
 c - a +4 ring of evasion (left hand)
Wands
 b - a wand of roots (12)
 t - a wand of digging (3)
 u - a wand of charming (12)
Scrolls
 d - 4 scrolls of teleportation
 h - 2 scrolls of enchant weapon
 p - a scroll of enchant armour
 r - 3 scrolls of fog
 s - 2 scrolls of identify
 v - 2 scrolls of poison
 y - 3 scrolls of fear
 C - 5 scrolls of magic mapping
Potions
 e - 3 potions of heal wounds
 f - 4 potions of curing {unknown}
 g - a potion of haste {unknown}
 l - 3 potions of resistance
 m - 2 potions of cancellation {unknown}
 n - 3 potions of attraction {unknown}
 q - 3 potions of lignification {unknown}
 x - 3 potions of degeneration {unknown}
 A - 2 potions of mutation {unknown}
 B - 3 potions of brilliance {unknown}
 E - 2 potions of magic {unknown}
 F - a potion of flight {unknown}


   Skills:
 * Level 8.1 Fighting
 * Level 11.9 Maces & Flails
 - Level 5.0 Armour
 - Level 6.0 Dodging
 - Level 2.1 Stealth


You had 9 spell levels left.
You didn't know any spells.
Your spell library contained the following spells:

 Spells                   Type           Power      Damage    Failure   Level
 Apportation              Tloc           0%         N/A       99%         1
 Beastly Appendage        Tmut           0%         N/A       99%         1
 Necrotise                Necr           0%         1d4       99%         1
 Summon Small Mammal      Summ           0%         N/A       99%         1
 Ensorcelled Hibernation  Hex/Ice        0%         N/A       100%        2
 Passwall                 Tmut/Erth      0%         N/A       100%        2
 Wereblood                Tmut           0%         N/A       100%        2
 Spider Form              Tmut/Pois      0%         N/A       100%        3
 Swiftness                Air            0%         N/A       100%        3


Dungeon Overview and Level Annotations

Branches:
Dungeon (9/15)             Temple (1/1) D:5         Ossuary (visited)
   Lair: D:8-11         Orc: D:9-12

Altars:
Ashenzari
Cheibriados
Dithmenos
Elyvilon
Fedhas
Gozag
Hepliaklqana
Kikubaaqudgha
Nemelex Xobeh
Okawaru
Qazlal
Ru
Sif Muna
Trog
Uskayaw
Vehumet
Wu Jian
Xom
Yredelemnul
Zin
The Shining One

Shops:
D:5 (   D:7 [   D:9 (

Annotations:
Temple 2 transporters


Innate Abilities, Weirdness & Mutations

You are immune to sickness and miasma.
Your stone body is resilient. (AC +7)
You are immune to poison.
You resist negative energy. (rN+)
You are resistant to electric shocks. (rElec)
You are resistant to unholy torment.
You are immune to petrification.


Message History

You barely miss the killer bee.
The killer bee is almost dead.
The killer bee stings you but does no damage.
The killer bee completely misses you.
You sock the killer bee!
You kill the killer bee!
Qazlal accepts your kill.
You see here a killer bee corpse.
There is an open door here.
The two-headed ogre hits you but does no damage.
The two-headed ogre misses you.
You barely miss the two-headed ogre. You hit the two-headed ogre.
The two-headed ogre is lightly wounded.
The two-headed ogre hits you with a +0 giant club!!
You feel protected from physical attacks.
The two-headed ogre hits you with a +0 giant spiked club!!
You hit the two-headed ogre.
The two-headed ogre is lightly wounded.
You sock the two-headed ogre!
The two-headed ogre is moderately wounded.
The two-headed ogre hits you with a +0 giant club!
* * * LOW HITPOINT WARNING * * *
The two-headed ogre barely misses you.
You sock the two-headed ogre!
The two-headed ogre is heavily wounded.
You sock the two-headed ogre!
The two-headed ogre is severely wounded.
The two-headed ogre hits you but does no damage.
The two-headed ogre closely misses you.
You hit the two-headed ogre.
The two-headed ogre is severely wounded.
You barely miss the two-headed ogre.
The two-headed ogre is severely wounded.
The two-headed ogre barely misses you.
The two-headed ogre hits you but does no damage.
You hit the two-headed ogre.
The two-headed ogre is severely wounded.
The two-headed ogre hits you with a +0 giant club!!
You die...

#O.....y.#
+...W.y..#
#.D......## .
#y{.D.....# ..
#####)######..# ..
#....†.....# .
...#####......†..○#
...#≈≈≈##.##..##O.#
...≈≈≈≈≈########@.#
...≈≈∩≈≈......[§..#
...≈≈.≈≈........☼.+
...#≈.≈.......#####
.. #..........##..##
. ########'####...#
.###...##...†..#<..#
........#......##'##
........'......[|..#


You could see a two-headed ogre.

Vanquished Creatures
  Pikel (D:8)
  A wyvern (D:9)
  4 yaks (D:9)
  A wraith (D:9)
  2 steam dragons
  2 water moccasins (D:6)
  A sky beast (D:6)
  An ogre (D:5)
  A centaur (D:8)
  A lemure (D:8)
  A kobold brigand (D:7)
  A necrophage (D:6)
  A gnoll sergeant (D:7)
  A bullfrog (D:9)
  13 scorpions
  6 wights (D:8)
  2 water moccasin skeletons (Ossuary)
  13 killer bees
  2 howler monkeys (D:9)
  4 centaur zombies (Ossuary)
  2 human zombies (Ossuary)
  6 jellies
  2 hounds
  4 orc priests
  3 iguanas
  4 scorpion zombies (Ossuary)
  12 orc wizards
  An ogre skeleton (Ossuary)
  3 mummies (Ossuary)
  4 adders
  6 gnolls
  2 shadow imps (D:5)
  A white imp (D:4)
  2 ufetubi
  An iguana zombie (Ossuary)
  6 worms
  5 dart slugs
  43 orcs
  5 endoplasms
  2 giant cockroaches
  2 gnoll zombies (Ossuary)
  7 goblins
  9 hobgoblins
  3 quokkas
  10 ball pythons
  6 bats
  4 frilled lizards
  3 goblin zombies (Ossuary)
  8 kobolds
  4 kobold zombies (Ossuary)
  An orc zombie (Ossuary)
  7 rats
237 creatures vanquished.

Notes
Turn   | Place    | Note
-------+----------+-------------------------------------------
     0 | D:1      | greasedhog the Gargoyle Monk began the quest for the Orb.
     0 | D:1      | Reached XP level 1. HP: 14/14 MP: 1/1
    13 | D:1      | Found a faded altar of an unknown god.
   466 | D:1      | Reached XP level 2. HP: 18/19 MP: 2/2
  1010 | D:1      | Reached skill level 4 in Maces & Flails
  1015 | D:1      | Reached XP level 3. HP: 17/23 MP: 3/3
  1463 | D:2      | Identified the +7 dagger of the Sharing Gods {spect, rC++}
  1905 | D:2      | Reached XP level 4. HP: 28/28 MP: 4/4
  2392 | D:2      | Reached skill level 5 in Maces & Flails
  2627 | D:3      | Reached XP level 5. HP: 32/32 MP: 5/5
  3199 | D:4      | Found an opulent altar of Gozag.
  3204 | D:4      | Reached skill level 6 in Maces & Flails
  3210 | D:4      | Found a snail-covered altar of Cheibriados.
  3211 | D:4      | Found a shadowy altar of Dithmenos.
  3217 | D:4      | Reached XP level 6. HP: 38/38 MP: 6/6
  3218 | D:4      | Found a glowing silver altar of Zin.
  3831 | D:5      | Entered Level 5 of the Dungeon
  3894 | D:5      | Reached skill level 5 in Fighting
  4010 | D:5      | Reached XP level 7. HP: 44/44 MP: 7/7
  4056 | D:5      | Found a staircase to the Ecumenical Temple.
  4068 | Temple   | Entered the Ecumenical Temple
  4068 | Temple   | Found a transporter.
  4068 | Temple   | Found a transporter.
  4070 | Temple   | Found a transporter.
  4070 | Temple   | Found a transporter.
  4091 | Temple   | Became a worshipper of Qazlal Stormbringer
  4091 | Temple   | Reached * piety under Qazlal
  4091 | Temple   | Reached ** piety under Qazlal
  4310 | D:5      | Reached skill level 7 in Maces & Flails
  4353 | D:5      | Found Haniut's Weapon Emporium.
  4468 | D:5      | Reached skill level 1 in Armour
  4665 | D:6      | Noticed a steam dragon
  4907 | D:6      | Reached XP level 8. HP: 29/51 MP: 8/8
  5095 | D:6      | Reached skill level 8 in Maces & Flails
  5589 | D:6      | Reached skill level 5 in Armour
  5671 | D:6      | Reached *** piety under Qazlal
  6057 | D:6      | Reached skill level 9 in Maces & Flails
  6137 | D:7      | Found Vuasiaw's Armour Boutique.
  6140 | D:7      | Bought a +0 cloak for 54 gold pieces
  6207 | D:7      | Reached XP level 9. HP: 55/55 MP: 9/9
  6375 | D:7      | Found a sand-covered staircase.
  6383 | Ossuary  | Entered an ossuary
  6541 | Ossuary  | Reached skill level 10 in Maces & Flails
  6649 | Ossuary  | Reached skill level 5 in Dodging
  6658 | Ossuary  | Reached **** piety under Qazlal
  6935 | D:7      | Found a white marble altar of Elyvilon.
  7255 | D:8      | Reached XP level 10. HP: 30/60 MP: 10/10
  7541 | D:8      | Found a sacrificial altar of Ru.
  7755 | D:8      | Noticed Pikel
  7777 | D:8      | Killed Pikel
  7778 | D:8      | Reached skill level 11 in Maces & Flails
  8355 | D:9      | Found Ogungece's Weapon Shop.
  8440 | D:9      | Reached ***** piety under Qazlal
  8450 | D:9      | Noticed a two-headed ogre
  8686 | D:9      | Annihilated by a two-headed ogre

Illustrated notes

Levels and vault maps discovered:
D:1:      co_arrival_square_in_a_square_in_a_square, layout_basic,
          basic_ecumenical_altar, hangedman_decor_opposing, hex_large,
          hangedman_decor_slide_cut, amcnicky_mini_pool_small
D:2:      layout_basic, dreamdust_wishing_well, kennysheep_big_empty_room
D:3:      layout_rooms
D:4:      layout_basic, minitemple
D:5:      layout_basic, minmay_temple_entry_large_hall, serial_shops,
          nicolae_shop_competitors_out_of_business
D:6:      layout_basic, nicolae_underground_beach
D:7:      layout_cave_pools, elyvilon_altar_3, nicolae_ossuary_entry_plus,
          chequers_mini_garden, kennysheep_small_spiral, nicolae_stop_n_shop_2
D:8:      layout_loops_cross, nicolae_ru_sacrificial_ziggurat,
          minmay_misc_feat_pillars, grunt_decor_cap, nrook_mini_backslash,
          uniq_pikel
D:9:      minmay_the_grid_octo_2x2 [minmay_the_grid_octo_focus,
          minmay_the_grid_octo_77, minmay_the_grid_octo_fan_narrow,
          minmay_the_grid_octo_prize_single_spiral], layout_gridville,
          serial_shops, nicolae_shop_waterfront
Temple:   hellmonk_temple_divided_pantheon

Skill      XL: |  1  2  3  4  5  6  7  8  9 10 |
---------------+-------------------------------+-----
Maces & Flails | 4 5 6 7 9 10 11 | 11.9
Fighting       | 4 5 8 |  8.1
Armour         | 3 5 |  5.0
Dodging        | 3 5 6 |  6.0
Stealth        | |  2.1

Action                   |  1- 3 |  4- 6 |  7- 9 | 10-12 || total
-------------------------+-------+-------+-------+-------++-------
Melee: Mace              |    36 |       |       |       ||    36
       Dagger            |    56 |    90 |   281 |     3 ||   430
       Punch             |       |       |     4 |     4 ||     8
       Flail             |       |       |       |   122 ||   122
       Whip              |       |       |       |    72 ||    72
Throw: Throwing net      |       |       |       |     1 ||     1
Invok: Upheaval          |       |       |       |     1 ||     1
  Use: Scroll            |     3 |     1 |     4 |       ||     8
       Potion            |       |     1 |     1 |     1 ||     3
 Stab: Sleeping          |     3 |     4 |       |       ||     7
       Distracted        |       |     2 |     3 |       ||     5
Armor: Robe              |    15 |       |       |       ||    15
       Leather armour    |    21 |    20 |    27 |       ||    68
       Chain mail        |       |       |    88 |    74 ||   162
Dodge: Dodged            |    71 |    71 |   145 |   102 ||   389
Block: Other             |       |       |    29 |    29 ||    58

Table legend: (Time is in decaauts)
 A = Elapsed time spent in this place.
 B = Non-inter-level travel time spent in this place.
 C = Inter-level travel time spent in this place.
 D = Time resting spent in this place.
 E = Time spent auto-exploring this place.
 F = Levels seen in this place.
 G = Mean time per level.
                   A        B        C        D        E       F      G
               +--------+--------+--------+--------+--------+-----+--------+
         Total |   8642 |   8367 |    275 |   1519 |   5228 |  11 |  785.6 |
       Dungeon |   8193 |   7923 |    270 |   1519 |   5020 |   9 |  910.3 |
        Temple |     40 |     35 |      5 |      0 |      6 |   1 |   40.0 |
       Ossuary |    407 |    407 |      0 |      0 |    202 |   1 |  407.0 |
               +--------+--------+--------+--------+--------+-----+--------+

Top non-repeatable levels by time:
     D:6: 1418 daAuts
     D:1: 1379 daAuts
     D:2: 1236 daAuts
     D:8: 1008 daAuts
     D:5: 847 daAuts
     D:4: 709 daAuts
     D:7: 672 daAuts
     D:3: 513 daAuts
 Ossuary: 407 daAuts
     D:9: 406 daAuts
  Temple: 40 daAuts
